 Dungeon Crawl Stone Soup version 0.20-a0-809-gaf7f668 (webtiles) character file.

1451 Firecrotchwizard the Fighter (level 8, -5/74 HPs)
             Began as a Minotaur Berserker on Mar 1, 2017.
             Was an Elder of Trog.
             Slain by an orc warrior
             ... wielding a +1 trident of freezing
              (19 damage)
             ... on level 6 of the Dungeon on Mar 3, 2017.
             The game lasted 00:10:10 (5477 turns).

Firecrotchwizard the Fighter (Minotaur Berserker)   Turns: 5477, Time: 00:10:10

Health: -5/74      AC: 15    Str: 21    XL:     8   Next: 47%
Magic:  7/7        EV: 11    Int:  7    God:    Trog [****..]
Gold:   326        SH:  0    Dex: 16    Spells: 7/7 levels left

rFire    . . .     SeeInvis .   v - +1 war axe
rCold    . . .     Gourm    .   o - +0 chain mail
rNeg     . . .     Faith    .   (no shield)
rPois    .         Spirit   .   (helmet restricted)
rElec    .         Reflect  .   (no cloak)
rCorr    .         Harm     .   g - +2 pair of gloves {Dex+3}
MR       .....                  w - +1 pair of boots
Stlth    ..........             (no amulet)
Regen    0.3/turn               (no ring)
MPRegen  0.1/turn               d - +3 ring of intelligence

@: no status effects
A: retaliatory headbutt, horns 2
a: Berserk, Trog's Hand, Brothers in Arms, Burn Spellbooks, Renounce Religion


You were on level 6 of the Dungeon.
You worshipped Trog.
Trog was greatly pleased with you.
You were not hungry.

You visited 1 branch of the dungeon, and saw 6 of its levels.

You collected 326 gold pieces.

Inventory:

Hand Weapons
 a - a +0 hand axe
 v - a +1 war axe (weapon)
Armour
 b - a +0 animal skin
 g - a +2 pair of gloves of dexterity (worn)
 j - a +0 ring mail
 k - a +0 scale mail
 o - a +0 chain mail (worn)
 w - a +1 pair of boots (worn)
Jewellery
 d - a +3 ring of intelligence (left hand)
Scrolls
 e - 5 scrolls of remove curse
 f - 6 scrolls of identify
 m - 2 scrolls of recharging
 n - 4 scrolls of enchant weapon
 t - a scroll of fog
Potions
 i - a potion of agility {unknown}
 p - a potion of lignification {unknown}
 r - 2 potions of might
 u - a potion of curing {unknown}
Comestibles
 c - 2 bread rations
 l - 3 royal jellies


   Skills:
 * Level 8.2 Fighting
 * Level 7.9 Axes
 + Level 5.9 Armour
 + Level 5.0 Dodging


You had 7 spell levels left.
You didn't know any spells.

Dungeon Overview and Level Annotations

Branches:
Dungeon (6/15)             Temple (0/1) D:4

Altars:
Ashenzari
Dithmenos
Elyvilon
Fedhas
Gozag
Kikubaaqudgha
Ru


Innate Abilities, Weirdness & Mutations

You reflexively headbutt those who attack you in melee.
You have a pair of horns on your head.


Message History

The orc warrior is severely wounded.
You hit the orc but do no damage. The orc barely misses you.
You furiously retaliate!
You headbutt the orc!
You kill the orc!
Trog accepts your kill.
The orc warrior hits you with a trident of freezing.
The orc warrior freezes you.
You closely miss the orc warrior. Your headbutt misses the orc warrior.
The orc warrior is severely wounded.
You slash the orc!
You kill the orc!
Trog accepts your kill.
The orc warrior hits you with a trident of freezing!
* * * LOW HITPOINT WARNING * * *
The orc warrior freezes you.
* * * LOW HITPOINT WARNING * * *
You barely miss the orc warrior.
The orc warrior is severely wounded.
The orc warrior hits you with a trident of freezing!!
You die...

#.......## ##..# #.##.# #.......#
#..######.##.# ####...##
#.........##.##### ##.##
##'#########....... #.# ##...##
#..####. ##.# ##.....## #..###
####..# ##.......## ##§§§.#
###.....## #[....[...####§§§#.#
...........+...)@....+..§§§§§.#
###.#...####....)o...####§§§#.##.
#.##.## ##.......## ##§§§....
#.#### ##.....## ####.### #.#
#...... .# #.# #.#'#### ## #.#
....# .# .#.#.# ### ##


You could see an orc warrior.

Vanquished Creatures
  Grinder (D:6)
  Duvessa (D:6)
  A phantom (D:4)
  The ghost of ZeCaboose the Cudgeler, an amateur MiWn (D:3)
  A centaur (D:5)
  An ogre (D:6)
  Dowan (D:6)
  3 howler monkeys (D:5)
  A crimson imp (D:5)
  A bullfrog zombie (D:6)
  A gnoll shaman (D:4)
  2 hounds
  A jelly (D:5)
  An orc priest (D:4)
  3 orc wizards
  An iguana (D:5)
  2 worker ants (D:6)
  12 gnolls
  4 adders
  3 oozes (D:4)
  4 worms
  2 dart slugs (D:2)
  A leopard gecko (D:3)
  9 orcs
  A bat (D:1)
  6 giant cockroaches
  11 hobgoblins
  4 jackals (D:2)
  2 quokkas
  3 ball pythons
  6 frilled lizards
  4 goblins
  8 kobolds
  A quokka skeleton (D:4)
  6 rats
110 creatures vanquished.

Vanquished Creatures (others)
  A quokka (D:4)
1 creature vanquished.

Grand Total: 111 creatures vanquished

Notes
Turn   | Place    | Note
-------+----------+-------------------------------------------
     0 | D:1      | Firecrotchwizard the Minotaur Berserker began the quest for the Orb.
     0 | D:1      | Reached XP level 1. HP: 19/19 MP: 0/0
   214 | D:1      | Reached XP level 2. HP: 27/27 MP: 1/1
   404 | D:1      | Reached skill level 4 in Fighting
   871 | D:2      | Upgraded the game from 0.20-a0-792-g09bcfd3 to 0.20-a0-809-gaf7f668
  1007 | D:2      | Reached XP level 3. HP: 29/33 MP: 2/2
  1111 | D:2      | Reached ** piety under Trog
  1405 | D:2      | Reached XP level 4. HP: 35/41 MP: 3/3
  1806 | D:2      | Reached skill level 5 in Fighting
  2105 | D:3      | Noticed ZeCaboose's ghost (amateur MiWn)
  2116 | D:3      | Killed ZeCaboose's ghost
  2116 | D:3      | Reached skill level 5 in Axes
  2116 | D:3      | Reached XP level 5. HP: 48/48 MP: 4/4
  2354 | D:3      | Found a shadowy altar of Dithmenos.
  2915 | D:4      | Found a staircase to the Ecumenical Temple.
  2988 | D:4      | Reached XP level 6. HP: 52/56 MP: 5/5
  2989 | D:4      | Reached *** piety under Trog
  3075 | D:4      | Found a white marble altar of Elyvilon.
  3200 | D:4      | Reached skill level 6 in Fighting
  3453 | D:4      | Reached XP level 7. HP: 54/63 MP: 6/6
  3592 | D:5      | Entered Level 5 of the Dungeon
  3654 | D:5      | Found an ancient bone altar of Kikubaaqudgha.
  4050 | D:5      | Found an opulent altar of Gozag.
  4108 | D:5      | Found a blossoming altar of Fedhas.
  4355 | D:5      | Found a sacrificial altar of Ru.
  4710 | D:5      | Reached skill level 7 in Fighting
  4710 | D:5      | Reached skill level 5 in Armour
  4922 | D:6      | Reached **** piety under Trog
  5021 | D:6      | Found a shattered altar of Ashenzari.
  5058 | D:6      | Reached XP level 8. HP: 73/73 MP: 7/7
  5083 | D:6      | Noticed Duvessa
  5090 | D:6      | Killed Duvessa
  5094 | D:6      | Noticed Dowan
  5096 | D:6      | Killed Dowan
  5329 | D:6      | Noticed Grinder
  5338 | D:6      | Killed Grinder
  5338 | D:6      | Reached skill level 8 in Fighting
  5474 | D:6      | Reached skill level 5 in Dodging
  5477 | D:6      | Slain by an orc warrior

Vault maps used:
D:1:      onia_arrival_mini_maze
D:2:      hangedman_decor_points
D:3:      old_standard_altar, first_bread
D:4:      elyvilon_altar_4, minmay_temple_entry_crystal_x, minivault_25
D:5:      nicolae_overflow_hidden_temple, fedhas_altar_1, kennysheep_little_box,
          overflow_temple_1_default, roderic_lattice_a, grunt_ministairs_3
D:6:      cheibrodos_ashenzari_chains, kennysheep_doodads, uniq_duvessa,
          uniq_grinder

Skill      XL: |  1  2  3  4  5  6  7  8 |
---------------+-------------------------+-----
Fighting       | 4 5 6 7 8 |  8.2
Axes           | 4 5 6 7 |  7.9
Armour         | 3 4 5 |  5.9
Dodging        | 3 4 5 |  5.0

Action                   |  1- 3 |  4- 6 |  7- 9 || total
-------------------------+-------+-------+-------++-------
Melee: Hand axe          |    72 |   127 |       ||   199
       Headbutt          |     6 |    35 |    17 ||    58
       War axe           |       |    15 |    80 ||    95
Invok: Berserk           |       |     1 |       ||     1
       Burn Spellbooks   |       |     1 |     1 ||     2
  Use: Scroll            |       |       |     8 ||     8
 Stab: Sleeping          |     1 |       |       ||     1
  Eat: Meat ration       |     1 |       |     1 ||     2
       Chunk             |       |     4 |     2 ||     6
Armor: Animal skin       |     3 |       |       ||     3
       Scale mail        |    19 |     5 |       ||    24
       Ring mail         |     1 |       |       ||     1
       Chain mail        |       |    50 |    43 ||    93
Dodge: Dodged            |    47 |    60 |    52 ||   159
